 Dungeon Crawl Stone Soup version 0.24-a0-479-g9a978d2894 (webtiles) character file.

Game seed: 9413969408571027008

702 Gargoyl the Skirmisher (level 7, -4/64 HPs)
             Began as a Centaur Abyssal Knight on July 8, 2019.
             Was a Follower of Lugonu.
             Slain by a worm (6 damage)
             ... on level 2 of the Dungeon.
             The game lasted 00:05:02 (1588 turns).

Gargoyl the Skirmisher (Centaur Abyssal Knight)     Turns: 1588, Time: 00:05:04

Health: -4/64      AC: 10    Str: 14    XL:     7   Next: 39%
Magic:  9/9        EV: 10    Int: 13    God:    Lugonu [*.....]
Gold:   252        SH:  7    Dex: 16    Spells: 6/6 levels left

rFire    + . .     SeeInvis .   a - +1 hand axe
rCold    + . .     Gourm    .   n - +0 shield
rNeg     . . .     Faith    .   m - +0 ring mail
rPois    .         Spirit   .   (no helmet)
rElec    .         Reflect  .   g - +0 cloak
rCorr    .         Harm     .   e - +0 pair of gloves
MR       .....                  (no barding)
Stlth    +.........             (no amulet)
HPRegen  0.20/turn              (no ring)
MPRegen  0.11/turn              (no ring)

@: agile, lethally poisoned (-4 -> -5), lightly drained, very quick
A: large, hooves 3, icy blue scales 1, blurry vision 1, clever 1, cold
resistance 1, deformed body, fire resistance 1, speed 2, tough skin 3
a: Depart the Abyss, Renounce Religion


You were on level 2 of the Dungeon.
You worshipped Lugonu.
Lugonu was aware of your devotion.
You were hungry.

You visited 1 branch of the dungeon, and saw 2 of its levels.
You visited the Abyss 1 time.

You collected 252 gold pieces.

Inventory:

Hand Weapons
 a - a +1 hand axe (weapon)
Missiles
 d - 6 silver javelins (quivered)
Armour
 e - a +0 pair of gloves (worn)
 g - a +0 cloak (worn)
 m - a +0 ring mail (worn)
 n - a +0 shield (worn)
Wands
 f - a wand of acid (1)
Scrolls
 k - a scroll of teleportation
Potions
 h - a potion of invisibility
 o - a potion of might {unknown}
Comestibles
 c - 5 rations


   Skills:
 + Level 6.7(6.6) Fighting
 + Level 3.1(3.0) Axes
 * Level 2.7(2.6) Armour
 * Level 0.9(0.7) Dodging
 * Level 3.4(3.3) Invocations
 + Level 1.1(1.0) Evocations


You had 6 spell levels left.
You didn't know any spells.
Your spell library contained the following spells:

 Spells                   Type           Power        Failure   Level  Hunger
 Summon Butterflies       Summ           #.......     99%         1    ##.....
 Call Canine Familiar     Summ           #.......     100%        3    ####...
 Summon Ice Beast         Ice/Summ       #.......     100%        4    #####..
 Summon Mana Viper        Hex/Summ       #.......     100%        5    ######.
 Summon Hydra             Summ           #.........   100%        7    #######


Dungeon Overview and Level Annotations

Branches:
Dungeon (2/15)

Altars:


Innate Abilities, Weirdness & Mutations

You have hooves in place of feet.
Armour fits poorly on your strangely shaped body.
You cover ground very quickly.
You have extremely tough skin. (AC +3)
You are partially covered in icy blue scales. (AC +2)
Scrolls take you a little longer to read.
Your mind is acute. (Int +2)
Your flesh is cold resistant. (rC+)
Your flesh is heat resistant. (rF+)


Message History

You hit the gnoll.
You kill the gnoll!
Lugonu accepts your kill.
You hit the goblin.
You kill the goblin!
Lugonu accepts your kill.
The kobold throws a stone.
You block the stone. The gnoll hits you but does no damage.
You block the ogre's attack.
You hit the ogre.
The ogre is lightly wounded.
Your shield and ring mail prevent you from hitting the worm.
You feel sick. The gnoll hits you but does no damage.
Unknown command.
You hit the ogre. Your kick misses the ogre.
The ogre is moderately wounded.
You hit the worm.
The ogre hits you with a +0 giant spiked club!!
* * * LOW HITPOINT WARNING * * *
The gnoll hits you but does no damage. The worm bites you.
You die...

# ###### #####..
##.(..###.....
.......##..... ###
.....g$...######@#
.........%..##KwO#
...w....g(..((.#gg....g
........###............
.....$..# #............
.......................
.......................
.........#............(
........##........$....


You could see an ogre, a worm, 2 gnolls and a kobold.

Vanquished Creatures
  A chaos spawn (Abyss:2)
  4 neqoxecs
  2 adders (D:2)
  A gnoll (D:2)
  2 dart slugs (D:1)
  A leopard gecko (D:1)
  A ball python (D:1)
  2 giant cockroaches (D:1)
  7 goblins
  A hobgoblin (D:1)
  4 bats
  A frilled lizard (D:1)
  6 kobolds (D:1)
  5 rats (D:1)
38 creatures vanquished.

Notes
Turn   | Place    | Note
-------+----------+-------------------------------------------
     0 | Abyss:1  | Gargoyl the Centaur Abyssal Knight began the quest for the
                  | Orb.
     0 | Abyss:1  | Reached XP level 1. HP: 19/19 MP: 2/2
    47 | Abyss:1  | Noticed a large abomination
    68 | Abyss:1  | Noticed a wretched star
   145 | Abyss:1  | Noticed an iron imp
   243 | Abyss:2  | Found a hide-covered altar of Uskayaw.
   269 | Abyss:2  | Gained mutation: Your mind is acute. (Int +2) [potion of
                  | mutation]
   269 | Abyss:2  | Gained mutation: Your flesh is cold resistant. (rC+)
                  | [potion of mutation]
   269 | Abyss:2  | Gained mutation: You are partially covered in icy blue
                  | scales. (AC +2) [potion of mutation]
   269 | Abyss:2  | Gained mutation: Your flesh is heat resistant. (rF+)
                  | [potion of mutation]
   282 | Abyss:2  | Noticed a starcursed mass
   295 | Abyss:2  | Noticed a neqoxec
   295 | Abyss:2  | Gained mutation: Scrolls take you a little longer to read.
                  | [a neqoxec]
   299 | Abyss:2  | Noticed a quasit
   299 | Abyss:2  | Noticed a crimson imp
   299 | Abyss:2  | Killed a neqoxec
   299 | Abyss:2  | Reached skill level 4 in Fighting
   299 | Abyss:2  | Reached XP level 2. HP: 28/28 MP: 3/3
   300 | Abyss:2  | Reached XP level 3. HP: 34/34 MP: 4/4
   300 | Abyss:2  | Reached XP level 4. HP: 41/41 MP: 5/5
   311 | Abyss:2  | Noticed a chaos spawn
   313 | Abyss:2  | Killed a chaos spawn
   313 | Abyss:2  | Reached skill level 5 in Fighting
   313 | Abyss:2  | Reached XP level 5. HP: 48/48 MP: 5/7
   335 | Abyss:3  | Found a shimmering altar of Xom.
   335 | Abyss:3  | Found a shimmering altar of Xom.
   336 | Abyss:3  | Found a corrupted altar of Lugonu.
   337 | Abyss:3  | Found a shimmering altar of Xom.
   337 | Abyss:3  | Found a shimmering altar of Xom.
   337 | Abyss:3  | Found a shimmering altar of Xom.
   337 | Abyss:3  | Found a shimmering altar of Xom.
   338 | Abyss:3  | Found a shimmering altar of Xom.
   338 | Abyss:3  | Found a shimmering altar of Xom.
   338 | Abyss:3  | Found a shimmering altar of Xom.
   338 | Abyss:3  | Found a shimmering altar of Xom.
   338 | Abyss:3  | Found a shimmering altar of Xom.
   338 | Abyss:3  | Found a shimmering altar of Xom.
   338 | Abyss:3  | Found a shimmering altar of Xom.
   338 | Abyss:3  | Found a shimmering altar of Xom.
   338 | Abyss:3  | Found a shimmering altar of Xom.
   338 | Abyss:3  | Found a shimmering altar of Xom.
   338 | Abyss:3  | Noticed a thrashing horror
   377 | Abyss:3  | Noticed a neqoxec
   380 | Abyss:3  | Noticed a neqoxec
   380 | Abyss:3  | Noticed a neqoxec
   381 | Abyss:3  | Killed a neqoxec
   382 | Abyss:3  | Reached XP level 6. HP: 57/57 MP: 8/8
   383 | Abyss:3  | Killed a neqoxec
   383 | Abyss:3  | Reached skill level 6 in Fighting
   386 | Abyss:3  | Killed a neqoxec
   386 | Abyss:3  | Reached skill level 1 in Evocations
   386 | Abyss:3  | Reached XP level 7. HP: 64/64 MP: 9/9
   442 | Abyss:4  | Noticed a lich
   443 | D:1      | Escaped the Abyss
   695 | D:1      | Reached * piety under Lugonu
  1588 | D:2      | HP: 2/64 [ogre/+0 giant spiked club (27)]
  1588 | D:2      | Slain by a worm

Levels and vault maps discovered:
D:1:      evilmike_arrival_plus, layout_basic, minmay_hexomino_f4
D:2:      layout_rooms, nicolae_overflow_hidden_temple, grunt_qazlal_sundering,
          minitemple, chequers_ecumenical_altar_twisty

Skill      XL: |  1  2  3  4  5  6 |
---------------+-------------------+-----
Fighting       | 4 5 6 |  6.7
Axes           | 2 3 |  3.1
Armour         | 2 |  2.7
Invocations    | 3 |  3.4
Evocations     | 1 |  1.1
Dodging        | |  0.9

Action                   |  1- 3 |  4- 6 |  7- 9 || total
-------------------------+-------+-------+-------++-------
Melee: Hand axe          |       |       |    75 ||    75
       Kick              |       |       |     9 ||     9
Invok: Depart the Abyss  |       |       |     1 ||     1
Evoke: Wand              |     3 |     8 |     1 ||    12
  Use: Potion            |     1 |       |     1 ||     2
       Scroll            |       |       |     4 ||     4
Armor: Ring mail         |       |       |    42 ||    42
       Leather armour    |       |       |    17 ||    17
Dodge: Dodged            |     1 |       |    31 ||    32
Block: Shield            |       |       |    17 ||    17

Table legend:
 A = Non-vault XP
 B = Vault XP
 C = Vault XP percentage of total XP
 D = Non-vault monster count
 E = Vault monster count
 F = Vault count percentage of total count
                 A         B        C        D         E       F
            +---------+---------+-------+---------+---------+-------
      Total |     452 |     552 |  55.0 |      33 |       5 |  13.2
            +---------+---------+-------+---------+---------+-------
        D:1 |      35 |       5 |  12.5 |      22 |       2 |   8.3
        D:2 |      51 |       0 |   0.0 |       9 |       0 |   0.0
    Abyss:2 |     366 |       0 |   0.0 |       2 |       0 |   0.0
    Abyss:3 |       0 |     547 | 100.0 |       0 |       3 | 100.0
            +---------+---------+-------+---------+---------+-------
